 Dungeon Crawl Stone Soup version 0.28-a0-1510-gd0f6b136d3 (webtiles) character file.

Game seed: 1241226044528382949

604 avis the Insei (level 7, 0/61 HPs)
             Began as a Deep Dwarf Transmuter on Jan 15, 2022.
             Was an Initiate of Makhleb.
             Slain by an orc wizard (14 damage)
             ... on level 4 of the Dungeon.
             The game lasted 00:24:10 (4654 turns).

avis the Insei (Deep Dwarf Transmuter)              Turns: 4654, Time: 00:24:10

Health: 0/61       AC:  4    Str: 13    XL:     7   Next: 18%
Magic:  19/20 (11) EV: 13    Int: 16    God:    Makhleb [......]
Gold:   9          SH:  0    Dex: 19    Spells: 4/12 levels left

rFire   + . .      SeeInvis .     - Unarmed
rCold   . . .      Faith    .   (no shield)
rNeg    . . .      Spirit   .   u - +0 robe of Fedhas's Favour {rF+}
rPois   .          Reflect  .   s - +0 helmet
rElec   .          Harm     .   (no cloak)
rCorr   .          Rampage  .   a - +0 pair of gloves
Will    +....                   (no boots)
Stlth   +++.......              (no amulet)
HPRegen 0.00/turn               o - +6 ring of dexterity
MPRegen 0.17/turn               x - ring of magical power

@: no status effects
A: damage resistance, heal wounds, sense surroundings 1, no regeneration
a: Heal Wounds, Renounce Religion


You were on level 4 of the Dungeon.
You worshipped Makhleb.
Makhleb was noncommittal.
You visited 2 branches of the dungeon, and saw 6 of its levels.

You collected 160 gold pieces.
You spent 151 gold pieces at shops.

Inventory:

Missiles
 h - 6 poisoned darts
 n - 4 curare-tipped darts
 q - 44 arrows
 v - 2 boomerangs
Armour
 a - a +0 pair of gloves (worn)
 s - a +0 helmet (worn)
 u - the +0 robe of Fedhas's Favour (worn) {rF+}
   (You found it on level 3 of the Dungeon)

   rF:        It protects you from fire.
Jewellery
 f - an amulet of magic regeneration
 o - a +6 ring of dexterity (left hand)
 r - an amulet of magic regeneration
 x - a ring of magical power (right hand)
Wands
 p - a wand of paralysis (13)
 w - a wand of flame (17)
Scrolls
 e - a scroll of blinking {unknown}
 i - a scroll of noise {unknown}
 l - 2 scrolls of acquirement {unknown}
 y - a scroll of teleportation {unknown}
 z - a scroll of amnesia
Potions
 b - a potion of ambrosia
 c - 2 potions of cancellation
 d - 2 potions of curing
 g - 2 potions of degeneration
 j - a potion of lignification {unknown}
 k - 2 potions of invisibility
 m - a potion of brilliance {unknown}
 t - 2 potions of might


   Skills:
 * Level 2.9 Fighting
 - Level 3.0 Dodging
 - Level 3.0 Stealth
 - Level 5.0 Unarmed Combat
 - Level 3.0 Spellcasting
 - Level 3.0 Transmutations
 - Level 1.0 Poison Magic


You had 4 spell levels left.
You knew the following spells:

 Your Spells              Type           Power      Damage    Failure   Level
a - Beastly Appendage     Tmut           24%        N/A       5%          1
p - Spider Form           Tmut/Pois      8%         N/A       24%         3
q - Ice Form              Ice/Tmut       7%         N/A       69%         4

Your spell library contained the following spells:

 Spells                   Type           Power      Damage    Failure   Level
 Wereblood                Tmut           12%        N/A       9%          2
 Apportation              Tloc           4%         N/A       19%         1
 Freeze                   Ice            8%         1d3       19%         1
 Ignite Poison            Fire/Tmut/Pois 6%         N/A       32%         3
 Mephitic Cloud           Conj/Pois/Air  3%         N/A       45%         3
 Frozen Ramparts          Ice            4%         1d2       50%         3
 Hailstorm                Conj/Ice       2%         3d3       88%         4
 Alistair's Intoxication  Tmut/Pois      5%         N/A       92%         5
 Freezing Cloud           Conj/Ice/Air   1%         6-21      99%         5


Dungeon Overview and Level Annotations

Branches:
Dungeon (5/15)             Temple (1/1) D:4

Altars:
Cheibriados
Dithmenos
Fedhas
Gozag
Kikubaaqudgha
Makhleb
Nemelex Xobeh
Qazlal
Ru
Sif Muna
Trog
Uskayaw
Wu Jian
Xom
Yredelemnul
The Shining One

Shops:
D:3 **[(*

Annotations:
D:4 1 transporter


Innate Abilities, Weirdness & Mutations

You are resistant to damage.
You can heal yourself by infusing magical energy.
You passively map a small area around you.
You do not regenerate.


Message History

Confirm with . or Enter, or press ? or * to list all spells.
You turn into a venomous arachnid creature.
Your +0 helmet melds into your body.
Your +0 pair of gloves melds into your body.
The +0 robe of Fedhas's Favour {rF+} melds into your body.
You climb downwards.
The hound skeleton barely misses you. The hound skeleton misses you.
There is a stone staircase leading up here.
You hit the hound skeleton.
The hound skeleton is moderately damaged.
Your transformation is almost over.
The hound skeleton closely misses you.
You hit the hound skeleton.
The hound skeleton is moderately damaged.
The hound skeleton bites you.
You hit the hound skeleton but do no damage.
The hound skeleton is moderately damaged.
The hound skeleton closely misses you.
You bite the hound skeleton!
The hound skeleton is almost destroyed.
The hound skeleton misses you. x2
You hit the hound skeleton.
You destroy the hound skeleton!
Makhleb accepts your kill.
The orc wizard points at you and mumbles some strange words.
The magic dart hits you.
* * * LOW HITPOINT WARNING * * *
The orc wizard closely misses you.
You climb upwards.
Level annotation: 1 transporter
There is a stone staircase leading down here.
You hit the orc wizard.
The orc wizard is poisoned.
The orc wizard is moderately wounded.
Your transformation has ended.
Your +0 helmet unmelds from your body.
Your +0 pair of gloves unmelds from your body.
The +0 robe of Fedhas's Favour {rF+} unmelds from your body.
The orc wizard hits you with a +1 dagger of distortion.
Space warps horribly around you!
You die...

▓⌠..oz▓ ##..........####...##.##
▓.....▓##...........'...........
▓©....▓#.##.........####........
▓.....▓#####.......## ##..##.##
▓⌠...⌠▓ ##.....## ##.##(#
▓▓▓▓▓▓▓ ##...## #.#..# ### ##'##
#.#.## #.# #o# #.#.# #.#
#@##########.#.### #.#
##[........##...... #.#
########...##..........### #.#
#.............###.###### #.#
#.######...#### #.# #.####.#
##..######.# #......#
##........# ######## ##########


You could see an orc wizard (very poisoned).

Vanquished Creatures
  Grinder (D:3)
  Sigmund (D:3)
  An orc wizard (D:3)
  Natasha (thrice) (D:3)
  2 hound skeletons
  7 adders
  3 worms
  10 orcs
  3 endoplasms
  3 giant cockroaches
  2 goblins (D:4)
  5 hobgoblins
  3 jackals
  3 kobolds
  2 quokkas
  3 ball pythons
  4 bats
  4 frilled lizards
  6 rats
66 creatures vanquished.

Notes
Turn   | Place    | Note
-------+----------+-------------------------------------------
     0 | D:1      | avis the Deep Dwarf Transmuter began the quest for the Orb.
     0 | D:1      | Reached XP level 1. HP: 16/16 MP: 3/3
   181 | D:1      | Reached skill level 1 in Stealth
   451 | D:1      | Reached skill level 1 in Fighting
   465 | D:1      | Reached XP level 2. HP: 23/25 MP: 2/4
   768 | D:1      | Reached skill level 3 in Unarmed Combat
  1221 | D:2      | Found a faded altar of an unknown god.
  1516 | D:2      | Reached XP level 3. HP: 12/31 MP: 4/6
  1905 | D:3      | HP: 1/32 [orc (6)]
  1918 | D:3      | Reached XP level 4. HP: 32/39 MP: 5/7
  1947 | D:3      | Learned a level 3 spell: Spider Form
  1971 | D:3      | Found Zeabbaco's Assorted Antiques.
  2141 | D:3      | Noticed Grinder
  2173 | D:3      | Paralysed by Grinder for 2 turns
  2177 | D:3      | HP: 1/39 [Grinder (4)]
  2186 | D:3      | Paralysed by Grinder for 6 turns
  2198 | D:3      | Killed Grinder
  2199 | D:3      | Reached skill level 1 in Poison Magic
  2199 | D:3      | Reached skill level 4 in Unarmed Combat
  2199 | D:3      | Reached XP level 5. HP: 15/45 MP: 3/8
  2199 | D:3      | Reached XP level 6. HP: 17/52 MP: 3/9
  2204 | D:3      | Learned a level 4 spell: Ice Form
  2273 | D:3      | Identified the +0 robe of Fedhas's Favour {rF+}
  2308 | D:3      | Found Ypreogre's General Store.
  2330 | D:3      | Found Wutsiregg's Armour Shop.
  2467 | D:3      | Found Ofyhot's General Store.
  2546 | D:3      | Noticed Sigmund
  2548 | D:3      | HP: 1/52 [Sigmund/puff of flame (5)]
  2574 | D:3      | Killed Sigmund
  2575 | D:3      | Reached skill level 5 in Unarmed Combat
  2682 | D:3      | Found Fomp's Weapon Shoppe.
  2733 | D:3      | Noticed Natasha
  2741 | D:3      | Killed Natasha
  2847 | D:3      | Noticed Natasha
  2855 | D:3      | Killed Natasha
  2856 | D:3      | Reached XP level 7. HP: 32/60 MP: 6/11
  2935 | D:3      | Noticed Natasha
  2943 | D:3      | Killed Natasha
  3231 | D:4      | Found a staircase to the Ecumenical Temple.
  3245 | Temple   | Entered the Ecumenical Temple
  3504 | D:3      | Bought a potion of degeneration for 14 gold pieces
  3554 | D:3      | Bought a scroll of identify for 20 gold pieces
  3604 | D:3      | Bought a potion of curing for 42 gold pieces
  3931 | D:4      | Found a snail-covered altar of Cheibriados.
  4034 | D:4      | Found a burning altar of Makhleb.
  4042 | D:4      | Became a worshipper of Makhleb the Destroyer
  4083 | D:3      | Bought a scroll of amnesia for 35 gold pieces
  4083 | D:3      | Bought a potion of might for 40 gold pieces
  4225 | D:4      | Found a sparkling altar of Nemelex Xobeh.
  4225 | D:4      | Found a transporter.
  4510 | D:5      | Entered Level 5 of the Dungeon
  4654 | D:4      | Slain by an orc wizard

Illustrated notes

Levels and vault maps discovered:
D:1:      elethiomel_arrival_shortcut, layout_loops_ring,
          minmay_misc_feat_secret_circle, st_stairs_8, patterned_corridor
D:2:      layout_basic, basic_ecumenical_altar, nrook_campfire
D:3:      layout_basic, serial_shops, shop, nicolae_shop_advertising_works
          [nicolae_subvault_shop_adworks], shop_fountains,
          nicolae_shop_behind_doors, shop, minmay_misc_feat_plants,
          uniq_grinder, uniq_sigmund, uniq_natasha
D:4:      layout_loops_corners, cheibriados_altar_1, grunt_nemelex_the_gamble,
          mainiacjoe_overflow_boulevard, minmay_temple_entry_statues_fountains
D:5:      layout_cave_pools, kennysheep_small_spiral, uniq_pikel
Temple:   nicolae_temple_figure_eight

Skill      XL: |  1  2  3  4  5  6 |
---------------+-------------------+-----
Stealth        | 2 3 |  3.0
Fighting       | 1 2 |  2.9
Unarmed Combat | 3 4 5 |  5.0
Transmutations | 2 3 |  3.0
Spellcasting   | 2 3 |  3.0
Poison Magic   | 1 |  1.0
Dodging        | 3 |  3.0

Action                   |  1- 3 |  4- 6 |  7- 9 || total
-------------------------+-------+-------+-------++-------
Melee: Unarmed           |   106 |    89 |    39 ||   234
       Headbutt          |    14 |    11 |       ||    25
       Kick              |    19 |    17 |     1 ||    37
       Punch             |     1 |     4 |     1 ||     6
 Cast: Beastly Appendage |    34 |    12 |     1 ||    47
       Spider Form       |       |     7 |    12 ||    19
 Abil: Heal Wounds       |     1 |     5 |       ||     6
  Use: Scroll            |       |       |     3 ||     3
 Stab: Sleeping          |     3 |     1 |     1 ||     5
Armor: Robe              |    14 |     6 |     4 ||    24
       Skin              |       |     3 |       ||     3
Dodge: Dodged            |    68 |    43 |    27 ||   138

Table legend: (Time is in decaauts)
 A = Elapsed time spent in this place.
 B = Non-inter-level travel time spent in this place.
 C = Inter-level travel time spent in this place.
 D = Time resting spent in this place.
 E = Time spent auto-exploring this place.
 F = Levels seen in this place.
 G = Mean time per level.
                   A        B        C        D        E       F      G
               +--------+--------+--------+--------+--------+-----+--------+
         Total |   4650 |   4082 |    568 |    644 |   2460 |   6 |  775.0 |
       Dungeon |   4435 |   3877 |    558 |    644 |   2261 |   5 |  887.0 |
        Temple |    214 |    204 |     10 |      0 |    199 |   1 |  214.0 |
               +--------+--------+--------+--------+--------+-----+--------+

Top non-repeatable levels by time:
     D:3: 1378 daAuts
     D:4: 1127 daAuts
     D:1: 1046 daAuts
     D:2: 865 daAuts
  Temple: 214 daAuts
     D:5: 18 daAuts
